 Dungeon Crawl Stone Soup version 0.23.1 (webtiles) character file.

Game seed: 6761497075597898034

92 Borgoz the Sneak (level 4, -1/33 HPs)
             Began as a Ghoul Enchanter on Mar 14, 2019.
             Slain by a gnoll (3 damage)
             ... on level 3 of the Dungeon.
             The game lasted 00:04:35 (2890 turns).

Borgoz the Sneak (Ghoul Enchanter)                  Turns: 2890, Time: 00:04:35

Health: -1/33      AC:  3    Str: 11    XL:     4   Next: 60%
Magic:  3/5        EV: 13    Int: 10    God:
Gold:   163        SH:  0    Dex: 14    Spells: 0/6 levels left

rFire    . . .     SeeInvis .   a - +1 dagger
rCold    + . .     Gourm    .   (no shield)
rNeg     + + +     Faith    .   b - +0 robe
rPois    ∞         Spirit   .   (no helmet)
rElec    .         Reflect  .   (no cloak)
rCorr    .         Harm     .   i - +0 pair of gloves
MR       .....                  (no boots)
Stlth    +++.......             (no amulet)
HPRegen  0.00/turn              f - +4 ring of dexterity
MPRegen  0.09/turn              (no ring)

@: rotting
A: rotting body, claws 1, carnivore, cold resistance 1, negative energy
resistance 3, inhibited regeneration, torment resistance, unbreathing
a: no special abilities


You were on level 3 of the Dungeon.
You were not hungry.

You visited 1 branch of the dungeon, and saw 3 of its levels.

You collected 163 gold pieces.

Inventory:

Hand Weapons
 a - a +1 dagger (weapon)
Missiles
 m - 12 poisoned needles
Armour
 b - a +0 robe (worn)
 i - a +0 pair of gloves (worn)
 l - a cursed +0 leather armour
Jewellery
 f - a +4 ring of dexterity (left hand)
Wands
 o - a wand of flame (13)
Scrolls
 c - a scroll of remove curse
 e - a scroll of identify
 g - a scroll of fog {unknown}
 j - a scroll of blinking {unknown}
Comestibles
 d - 4 rations


   Skills:
 + Level 0.0 Fighting
 * Level 2.2 Short Blades
 - Level 1.8 Armour
 + Level 2.3 Dodging
 + Level 3.9 Stealth
 + Level 1.7 Spellcasting
 + Level 2.4 Hexes
 + Level 0.0 Ice Magic
 + Level 0.1 Evocations


You couldn't memorise any spells.
You knew the following spells:

 Your Spells              Type           Power        Failure   Level  Hunger
a - Corona                Hex            #......      12%         1    ##.....
b - Ensorcelled Hibernat  Hex/Ice        #.....       28%         2    ###....
c - Confuse               Hex            #.......     34%         3    ####...

Your spell library contained the following spells:

 Spells                   Type           Power        Failure   Level  Hunger
 Tukima's Dance           Hex            #.......     34%         3    ####...
 Dazzling Spray           Conj/Hex       #.....       52%         3    ####...


Dungeon Overview and Level Annotations

Branches:
Dungeon (3/15)

Altars:
Makhleb


Innate Abilities, Weirdness & Mutations

Your body is rotting away.
You thrive on raw meat.
You are immune to poison.
You have sharp fingernails.
You are carnivorous and can eat meat at any time.
Your flesh is cold resistant. (rC+)
You are immune to negative energy. (rN+++)
You do not regenerate when monsters are visible.
You are immune to unholy pain and torment.
You can survive without breathing.


Message History

The gnoll barely misses you. The gnoll closely misses you.
You hit the gnoll but do no damage.
The gnoll is severely wounded.
The gnoll barely misses you.
Eat a chunk of flesh? (ye/n/q)
You eat the chunk of flesh.
This raw flesh tastes great!
The gnoll misses you. The gnoll hits you with a +0 spear.
You hit the gnoll.
The gnoll is almost dead.
The gnoll closely misses you. x2
You hit the gnoll but do no damage.
The gnoll is almost dead.
The gnoll hits you!
* * * LOW HITPOINT WARNING * * *
The gnoll hits you with a +0 spear.
* * * LOW HITPOINT WARNING * * *
You completely miss the gnoll.
The gnoll is almost dead.
The gnoll hits you.
You die...

#. .# #K######.#
#.#....#.####
#.#.##......#
#.#.#....##.#
#######.#.#....##.###
.......g.............
##'#.#..#.#g#..g###.###
.....#..#.#.#...@g..#.#
.....#..#.#.#...).....#
.....#..#.#..<####..#.#
.....#..#.########..#.#
.....#..#. ..........#
.....#..##########..###
.....#.....# #..#
.)...#..##.# ####..#
#.......##÷####.....##


You could see 2 gnolls.

Vanquished Creatures
  2 gnolls
  2 adders (D:2)
  2 worms
  A dart slug (D:2)
  3 orcs
  2 ball pythons
  4 giant cockroaches
  2 goblins
  6 hobgoblins
  3 jackals (D:2)
  2 kobolds
  2 quokkas (D:3)
  5 bats
  4 frilled lizards
  3 rats
43 creatures vanquished.

Notes
Turn   | Place    | Note
-------+----------+-------------------------------------------
     0 | D:1      | Borgoz the Ghoul Enchanter began the quest for the Orb.
     0 | D:1      | Reached XP level 1. HP: 14/14 MP: 2/2
    40 | D:1      | Reached skill level 1 in Short Blades
   774 | D:2      | Reached XP level 2. HP: 12/19 MP: 3/3
   933 | D:2      | Reached skill level 1 in Armour
  1089 | D:2      | Found a faded altar of an unknown god.
  1249 | D:2      | Reached XP level 3. HP: 14/26 MP: 4/4
  2037 | D:2      | Reached XP level 4. HP: 5/33 MP: 5/5
  2044 | D:2      | Learned a level 2 spell: Ensorcelled Hibernation
  2048 | D:2      | Learned a level 3 spell: Confuse
  2311 | D:3      | Noticed an ogre
  2792 | D:3      | Found a burning altar of Makhleb.
  2890 | D:3      | Slain by a gnoll

Skill      XL: |  1  2  3 |
---------------+----------+-----
Short Blades   | 1 2 |  2.2
Dodging        | 2 |  2.3
Armour         | 1 |  1.8
Stealth        | |  3.9
Spellcasting   | |  1.7
Hexes          | |  2.4
Evocations     | |  0.1

Action                   |  1- 3 |  4- 6 || total
-------------------------+-------+-------++-------
Melee: Dagger            |   141 |    71 ||   212
 Cast: Corona            |     1 |       ||     1
       Ensorcelled Hiber |       |     3 ||     3
  Use: Potion            |     2 |     2 ||     4
       Scroll            |       |     3 ||     3
 Stab: Sleeping          |     7 |     2 ||     9
  Eat: Chunk             |    11 |     8 ||    19
Armor: Robe              |    20 |    11 ||    31
Dodge: Dodged            |    93 |    68 ||   161
